Cogmind - Beta 13 @@@ ROGUE MODE // 2024.04.26 @ 22:05:37 Player: opaguck Result: Destroyed by B-75 Beast with Magnetic Acceleration Cannon Performance ------------- Evolutions (3) 1500 Regions Visited (6) 1200 Robots Destroyed (58) 290 Value Destroyed (1524) 1524 Prototype IDs (3) 60 Alien Tech Used (0) 0 Bonus (55) 55 TOTAL SCORE: 4629 Bonus ------- High Alert Combat Kills 55 Cogmind --------- Core Integrity 0/700 Matter 169/300 Energy 96/100 System Corruption 0% Temperature Cool (0) Movement Treading (160) Location -7/Lower Caves Parts ------- > --- POWER (2) -------- (None) > --- PROPULSION (4) --- Medium Treads > --- UTILITY (4) ------ Advanced Visual Processing Unit > --- WEAPON (3) ------- (None) > --- INVENTORY (5) ---- Weight Redist. System Advanced Targeting Computer Transmission Jammer Advanced ECM Suite Peak State ------------ > --- POWER ------------ Light Nuclear Core > --- PROPULSION ------- Airjet Airjet Airjet Airjet > --- UTILITY ---------- Improved Heat Sink Advanced Visual Processing Unit Signal Interpreter Hacking Suite > --- WEAPON ----------- Heavy EM Shotgun Improved Grenade Launcher > --- INVENTORY -------- Nuclear Core Improved Hover Unit Weight Redist. System Advanced Targeting Computer ECM Suite [Rating: 33] Favorites ----------- Power Light Ion Engine Engine Light Ion Engine Power Core Light Nuclear Core Propulsion Airjet Treads Medium Treads Leg Aluminum Leg Wheel Compact Wheel Hover Unit Airjet Flight Unit VTOL Module Utility Signal Interpreter Device Sensor Array Storage Small Storage Unit Processor Signal Interpreter Hackware Hacking Suite Weapon Heavy EM Shotgun Energy Gun Heavy EM Shotgun Energy Cannon EM Pulse Cannon Ballistic Gun Light Assault Rifle Ballistic Cannon Flak Cannon Launcher Improved Grenade Launcher Build | -11 -10 -9 -8 -8 -7 -7 ------- Run | Yrd Mat Mat Mat Sto Fac Low Slots Evolved 6 | . . 2 2 . 2 . Power 1 | . . . . . 1 . Propulsion 2 | . . 1 1 . . . Utility 2 | . . 1 1 . . . Weapon 1 | . . . . . 1 . Parts Attached 63 | 7 6 7 20 6 15 2 Power 5 | 1 1 . 2 1 . . Engine 2 | 1 1 . . . . . Core 3 | . . . 2 1 . . Reactor . | . . . . . . . Propulsion 26 | 2 4 4 9 2 4 1 Treads 1 | . . . . . . 1 Leg 4 | 2 . . . . 2 . Wheel 4 | . 2 1 . 1 . . Hover 16 | . 2 3 9 1 1 . Flight 1 | . . . . . 1 . Utility 19 | 2 1 1 5 2 8 . Device 11 | 1 . 1 3 2 4 . Storage 2 | 1 . . . . 1 . Processor 5 | . 1 . 1 . 3 . Hackware 1 | . . . 1 . . . Protection . | . . . . . . . Artifact . | . . . . . . . Weapon 13 | 2 . 2 4 1 3 1 Energy Gun 4 | . . 2 2 . . . Energy Cannon 3 | . . . 1 1 . 1 Ballistic Gun 2 | 2 . . . . . . Ballistic Cannon 1 | . . . . . 1 . Launcher 3 | . . . 1 . 2 . Special Weapon . | . . . . . . . Impact Weapon . | . . . . . . . Slashing Weapon . | . . . . . . . Piercing Weapon . | . . . . . . . Special Melee Weapon . | . . . . . . . Unidentified Prototypes 3 | . . 1 1 . 1 . Parts Lost 33 | . 4 . 7 11 2 9 Power 3 | . 1 . 1 1 . . Propulsion 14 | . 2 . 2 6 1 3 Utility 8 | . 1 . 2 2 . 3 Weapon 8 | . . . 2 2 1 3 Highest Loss Streak 8 | . 3 . 2 8 2 5 To Critical Strikes . | . . . . . . . Average Slot Usage (%) 78 | . 92 100 97 63 41 53 Engine 3 | . 12 11 . . . . Core 2 | . . . 8 3 . . Leg 3 | . 11 . . . 1 10 Wheel 1 | . 9 . . . . . Hover 19 | . 6 32 34 18 . 4 Device 9 | . 8 11 13 7 5 4 Storage 4 | . 14 11 . . 1 . Processor 14 | . 1 11 14 18 23 20 Hackware 2 | . . . 7 8 . . Energy Gun 6 | . . 21 9 . . . Energy Cannon 1 | . . . 2 2 . . Ballistic Gun 3 | . 28 . . . . . Launcher 3 | . . . 5 4 1 6 Naked Turns . | . . . . . . . Heaviest Build 22 | 11 11 17 22 21 8 9 Greatest Support 42 | 20 32 42 32 31 24 28 Greatest Overweight (x) 2 | . 1 1 1 1 1 2 Average Overweight (x) . | . . . . . . . Largest Inventory Capacity 8 | 8 8 8 8 5 5 5 Average Capacity 6 | 7 8 8 5 5 5 5 Most Carried 8 | 7 8 8 7 4 5 5 Average Carried 5 | 4 7 7 4 3 4 4 Final Capacity 8 | 8 8 8 5 5 5 5 Final Carried 8 | 6 7 8 5 4 5 4 Class Distribution -------------------- 79% | Mutant 16% | Scout 3% | Scavenger-Mutant Dominant Class ---------------- Mutant | -10/Materials Mutant | -9/Materials Mutant | -8/Materials Mutant | -8/Storage Scout | -7/Factory Scout | -7/Lower Caves Resources | -11 -10 -9 -8 -8 -7 -7 ----------- Run | Yrd Mat Mat Mat Sto Fac Low Matter Collected 1131 | 318 112 80 286 126 160 49 Remotely . | . . . . . . . Salvage Created 2030 | 191 300 371 858 77 39 194 Parts 124 | 16 18 19 56 3 1 11 Haulers Intercepted 3 | . . 1 2 . . . Recyclers Shooed 2 | . . . 1 1 . . Parts Field Recycled . | . . . . . . . Retrieved Matter . | . . . . . . . Parts Self-Destructed 8 | . . . . . . 8 Prevented . | . . . . . . . Kills | -11 -10 -9 -8 -8 -7 -7 ------- Run | Yrd Mat Mat Mat Sto Fac Low Combat Hostiles Destroyed 33 | . 6 2 16 . 1 8 Guns 13 | . 6 2 5 . . . Cannons 1 | . . . 1 . . . AOE 19 | . . . 10 . 1 8 Classes Destroyed 12 | 3 3 2 2 1 . 1 Worker 3 | 2 . . 1 . . . Builder 2 | . . 1 1 . . . Tunneler 4 | 3 . . 1 . . . Hauler 3 | . . 1 2 . . . Recycler 5 | 1 1 1 1 1 . . Operator 1 | . . . . 1 . . Watcher 7 | . 1 3 3 . . . Swarmer 11 | . 3 . 4 . . 4 Grunt 14 | . 3 2 7 . . 2 Brawler 2 | . . . . . . 2 Sentry 5 | . . . 4 . 1 . Hunter 1 | . . . 1 . . . Best Kill Streak 13 | 4 4 2 13 1 1 8 Combat Bots Only 10 | . 3 2 10 . 1 8 Max Kills in Single Turn 3 | 1 1 1 3 1 1 2 Gunslinging . | . . . . . . . Exploded 2 | . . . 2 . 1 2 Melee . | . . . . . . . Uniques/NPCs Destroyed . | . . . . . . . Combat | -11 -10 -9 -8 -8 -7 -7 -------- Run | Yrd Mat Mat Mat Sto Fac Low Hostile Shots Fired 386 | . 66 5 52 54 90 119 Missed 143 | . 20 . 23 20 39 41 Damage Taken 3465 | . 438 75 594 793 373 1192 Core 1085 | . 86 . 84 189 167 559 Absorbed by Shields . | . . . . . . . Regen/Repaired (Parts) 93 | . . . 32 61 . . Core Remaining (%) 78 | 100 65 100 . 50 . . Volleys Fired 149 | 24 41 14 37 12 5 16 Largest 2 | 2 2 2 2 1 1 1 Hottest 100 | 40 40 100 100 63 44 65 Shots Fired 235 | 48 82 27 45 12 5 16 Gun 183 | 48 82 27 26 . . . Cannon 15 | . . . 7 2 1 5 Launcher 37 | . . . 12 10 4 11 Special . | . . . . . . . Kinetic 135 | 48 82 . . . 1 4 Thermal 1 | . . . . . . 1 Explosive 37 | . . . 12 10 4 11 Electromagnetic 62 | . . 27 33 2 . . Robot Hit Streak 8 | 7 8 6 7 3 7 7 Robot Miss Streak 9 | 5 6 4 4 1 1 9 Penetration Max . | . . . . . . . Secondary Targets 2 | . 1 1 . . . . Max Gunslinging Chain 1 | . 1 1 . . . . Shots Hit Robots 142 | 28 46 19 28 4 5 12 Core Hits 114 | 10 19 14 36 7 6 22 Critical Kills . | . . . . . . . Critical Parts Destroyed 1 | 1 . . . . . . Critical Strikes 3 | 1 . . 2 . . . Destroy 1 | 1 . . . . . . Corrupt 2 | . . . 2 . . . Melee Attacks . | . . . . . . . Impact . | . . . . . . . Slashing . | . . . . . . . Piercing . | . . . . . . . Sneak Attacks . | . . . . . . . Combat Hostiles . | . . . . . . . Follow-up Attacks . | . . . . . . . Damage Inflicted 4119 | 260 360 452 1806 284 118 839 Guns 1447 | 260 360 425 402 . . . Cannons 281 | . . . 158 31 27 65 Explosions 2370 | . . 27 1234 244 91 774 Melee . | . . . . . . . Ramming 21 | . . . 12 9 . . Kinetic 686 | 260 360 . . . 27 39 Thermal 182 | . . 27 129 . . 26 Explosive 2214 | . . . 1105 244 91 774 Electromagnetic 1016 | . . 425 560 31 . . Impact . | . . . . . . . Slashing . | . . . . . . . Piercing . | . . . . . . . Highest Corruption 14 | . . . . 14 . . Average Corruption 12 | . . . . 12 . . Corruption Purged . | . . . . . . . Corruption Blocked . | . . . . . . . Effects 5 | . . . . 5 . . Heat Flow Errors 1 | . . . . 1 . . Energy Discharges 1 | . . . . 1 . . Parts Fused 1 | . . . . 1 . . Data Loss (major) 2 | . . . . 2 . . Overload Shots . | . . . . . . . Overflow Damage 110 | . . . 71 17 . 22 Projectiles 1 | . . . . 1 . . Explosions 109 | . . . 71 16 . 22 Melee . | . . . . . . . Knockbacks 2 | . . . . . . 2 Impact . | . . . . . . . Kinetic 2 | . . . . . . 2 Secondary . | . . . . . . . Self-Inflicted Damage 295 | . . . 222 30 . 43 Shots 9 | . . . 5 2 . 2 Rammed 6 | . . . 2 4 . . Targets Rammed 6 | . . . 2 4 . . Kicked . | . . . . . . . Crushed . | . . . . . . . Highest Temperature 192 | . 26 169 11 192 6 . Average Temperature 39 | . 8 56 5 69 3 . Received Heat Transfer 702 | . 120 39 72 234 102 135 Siege Activations . | . . . . . . . Robots Corrupted . | . . . . . . . Combat Hostiles . | . . . . . . . Parts Fried 5 | . . 3 2 . . . Impact Corruptions . | . . . . . . . Robots Melted . | . . . . . . . Combat Hostiles . | . . . . . . . Parts Melted 1 | . . 1 . . . . Heat Transferred 287 | . . 100 150 . . 37 Parts Sabotaged . | . . . . . . . Parts Stolen . | . . . . . . . Parts Stripped . | . . . . . . . Power Chain Reactions 4 | . . 1 3 . . . Alert | -11 -10 -9 -8 -8 -7 -7 ------- Run | Yrd Mat Mat Mat Sto Fac Low Peak Influence 565 | 30 221 154 565 364 185 . Initial 227 | . 19 92 65 227 89 . Average 172 | 12 140 113 279 282 108 . Maximum Alert Level 2 | . 1 . 2 1 . . Low Security (%) 68 | 100 80 100 32 8 100 . Level 1 24 | . 19 . 42 91 . . Level 2 6 | . . . 25 . . . Level 3 . | . . . . . . . Level 4 . | . . . . . . . Level 5 . | . . . . . . . High Security . | . . . . . . . Max Security . | . . . . . . . Squads Dispatched 6 | . 2 . . 4 . . Investigation 3 | . . . . 3 . . Extermination . | . . . . . . . Reinforcement 3 | . 2 . . 1 . . Assault . | . . . . . . . Garrison . | . . . . . . . Intercept . | . . . . . . . Searches Triggered . | . . . . . . . Construction Impeded . | . . . . . . . Haulers Reinforced . | . . . . . . . Active Scanning Responses . | . . . . . . . Cargo Convoy Interrupts . | . . . . . . . Stealth | -11 -10 -9 -8 -8 -7 -7 --------- Run | Yrd Mat Mat Mat Sto Fac Low Distress Signals 7 | . 2 . 3 2 . . Communications Jammed . | . . . . . . . Distress Signals . | . . . . . . . Times Spotted 92 | . 18 4 30 23 3 14 Peak Tracking Total 20 | . 5 4 4 20 2 11 Tactical Retreats 13 | . 2 3 4 1 . 3 Traps | -11 -10 -9 -8 -8 -7 -7 ------- Run | Yrd Mat Mat Mat Sto Fac Low Traps Triggered 4 | . . . 2 2 . . Indirectly . | . . . . . . . Trap Hack Attempts . | . . . . . . . Triggered . | . . . . . . . Disarmed . | . . . . . . . Reprogrammed . | . . . . . . . Reused . | . . . . . . . Traps Extracted . | . . . . . . . Installed . | . . . . . . . Triggered 1 | . . . . . . 1 Machines | -11 -10 -9 -8 -8 -7 -7 ---------- Run | Yrd Mat Mat Mat Sto Fac Low Machines Disabled 12 | . . 1 6 5 . . Max in Single Turn 2 | . . 1 2 2 . . Garrison Access 2 | . . . . 1 1 . Machines Repaired . | . . . . . . . Machines Dismantled . | . . . . . . . Machines Sabotaged . | . . . . . . . Overloaded Fab Kills . | . . . . . . . Hacking | -11 -10 -9 -8 -8 -7 -7 --------- Run | Yrd Mat Mat Mat Sto Fac Low Machines Accessed 13 | . . 1 6 5 1 . Terminals 7 | . . 1 3 3 . . Fabricators . | . . . . . . . Repair Stations 2 | . . . 1 1 . . Recycling Units 2 | . . . 2 . . . Scanalyzers . | . . . . . . . Garrison Access 2 | . . . . 1 1 . Total Hacks 32 | . . 2 19 9 2 . Successful 22 | . . 2 13 6 1 . Failed 10 | . . . 6 3 1 . Catastrophic . | . . . . . . . Database Lockouts . | . . . . . . . Manual . | . . . . . . . Terminals 19 | . . 2 11 6 . . Fabricators . | . . . . . . . Repair Stations 6 | . . . 4 2 . . Recycling Units 4 | . . . 4 . . . Scanalyzers . | . . . . . . . Garrison Access 3 | . . . . 1 2 . Terminal Hacks 11 | . . 2 6 3 . . Record 1 | . . . 1 . . . Open Door 1 | . . . . 1 . . Emergency Access Points 3 | . . 1 2 . . . Unreport Threat 1 | . . . 1 . . . Locate Traps 2 | . . 1 1 . . . Maintenance Status 1 | . . . . 1 . . Zone Layout 2 | . . . 1 1 . . Fabricator Hacks . | . . . . . . . Repair Station Hacks 6 | . . . 4 2 . . Scan Component 3 | . . . 2 1 . . Repair 3 | . . . 2 1 . . Recycling Unit Hacks 3 | . . . 3 . . . Report Inventory 2 | . . . 2 . . . Retrieve Components 1 | . . . 1 . . . Scanalyzer . | . . . . . . . Garrison Access Hacks 2 | . . . . 1 1 . Seal Access 2 | . . . . 1 1 . Unauthorized Hacks . | . . . . . . . Terminals . | . . . . . . . Fabricators . | . . . . . . . Repair Stations . | . . . . . . . Recycling Units . | . . . . . . . Scanalyzers . | . . . . . . . Garrison Access . | . . . . . . . Data Cores Recovered . | . . . . . . . Used . | . . . . . . . Hacking Detections 8 | . . 1 4 3 . . Full Trace Events 2 | . . . 1 1 . . Feedback Events . | . . . . . . . Feedback Blocked . | . . . . . . . Robot Schematics Acquired . | . . . . . . . Robots Built . | . . . . . . . Authchips . | . . . . . . . Time . | . . . . . . . Total Robot Build Rating . | . . . . . . . Part Schematics Acquired . | . . . . . . . Parts Built . | . . . . . . . Authchips . | . . . . . . . Time . | . . . . . . . Total Part Build Rating . | . . . . . . . Parts Repaired 2 | . . . 1 1 . . Time 108 | . . . 70 38 . . Parts Recycled . | . . . . . . . Recycled Matter . | . . . . . . . Retrieved Matter . | . . . . . . . Retrieved Components 3 | . . . 3 . . . Parts Scanalyzed . | . . . . . . . Part Schematics Acquired . | . . . . . . . Parts Damaged . | . . . . . . . Bothacking | -11 -10 -9 -8 -8 -7 -7 ------------ Run | Yrd Mat Mat Mat Sto Fac Low Used RIF Installer . | . . . . . . . Robots Hacked . | . . . . . . . Non-combat . | . . . . . . . Combat . | . . . . . . . Robot Hacks Applied . | . . . . . . . Relay Couplers Released . | . . . . . . . Fabnet Peak Effective % . | . . . . . . . Robots Rewired . | . . . . . . . Allies Hacked . | . . . . . . . Hacks Repelled . | . . . . . . . Allies | -11 -10 -9 -8 -8 -7 -7 -------- Run | Yrd Mat Mat Mat Sto Fac Low Total Allies . | . . . . . . . Largest Group . | . . . . . . . Highest-Rated Group . | . . . . . . . Highest-Rated Ally . | . . . . . . . Total Orders 3 | . . . . 3 . . STAY 1 | . . . . 1 . . EXPLORE 2 | . . . . 2 . . Ally Attacks . | . . . . . . . Total Damage . | . . . . . . . Kills . | . . . . . . . Allies Corrupted . | . . . . . . . Allies Melted . | . . . . . . . Intel | -11 -10 -9 -8 -8 -7 -7 ------- Run | Yrd Mat Mat Mat Sto Fac Low Robot Analysis Total . | . . . . . . . Derelict Logs Recovered . | . . . . . . . Drone Launches 16 | . . . . 16 . . Drone Recoveries 2 | . . . . 2 . . Exploration | -11 -10 -9 -8 -8 -7 -7 ------------- Run | Yrd Mat Mat Mat Sto Fac Low Turns Passed 2669 | 216 298 492 651 273 415 324 Spaces Moved 2137 | 111 173 270 713 281 368 221 Core 289 | 5 . . . 101 39 144 Treads 3 | . . . . . . 3 Legs 164 | 106 38 . . . 20 . Wheels 115 | . 95 4 . 16 . . Hover 1283 | . 40 266 713 164 26 74 Flight 283 | . . . . . 283 . Fastest Speed 35 | 50 56 52 45 45 35 50 Average Speed 60 | 116 96 52 48 63 55 60 Slowest Speed 160 | 120 120 120 116 120 115 160 Overloaded Moves . | . . . . . . . Propulsion Burnouts . | . . . . . . . Robots Hopped . | . . . . . . . Cave-ins Triggered 1 | . . . . 1 . . Exploration Rate (%) 31 | 6 31 22 55 63 15 27 Regions Visited 6 Branch Regions 2 Pre-discovered Areas . | . . . . . . . Known Exits Taken 5 | . 1 1 1 1 1 . Unknown Exits Taken 1 | 1 . . . . . . Scrap Searched 1 | . . . . . . 1 Spaces Dug 32 | . . . . 32 . . Terrain Destroyed 312 | . . 2 149 80 24 57 Melee . | . . . . . . . Projectile . | . . . . . . . AOE 312 | . . 2 149 80 24 57 Terrain Rammed . | . . . . . . . Walls Destroyed . | . . . . . . . Machines Disabled . | . . . . . . . Actions | -11 -10 -9 -8 -8 -7 -7 --------- Run | Yrd Mat Mat Mat Sto Fac Low Total 3286 | 156 238 594 972 361 569 396 Wait 870 | 6 12 289 183 51 172 157 Move 2130 | 110 172 269 712 279 367 221 Hop . | . . . . . . . Pick Up 29 | 8 5 6 7 . 3 . Fast Attach 43 | 6 2 4 14 4 12 1 Attach 19 | 1 4 3 6 2 2 1 Detach 7 | . . 2 2 1 2 . Swap 1 | . . . . . 1 . Drop 24 | 1 2 7 9 . 5 . Fire 149 | 24 41 14 37 12 5 16 Melee . | . . . . . . . Ram 6 | . . . 2 4 . . Kick . | . . . . . . . Crush . | . . . . . . . Escape Stasis 1 | . . . . 1 . . Rewire . | . . . . . . . Trap . | . . . . . . . Miscellaneous 7 | . . . . 7 . . Route ------- -11/Scrapyard -10/Materials (discovered 2 exits: *Mat / [*Min]) -9/Materials -8/Materials -8/Storage -7/Factory -7/Lower Caves History --------- Turn | Location | Event 30 | -11/Scrapyard | Discovered new exit (range 15) 217 | -11/Scrapyard | Entered Materials 302 | -10/Materials | Discovered new exit (range 16) 317 | -10/Materials | Build established: Mutant 444 | -10/Materials | Lost 3 parts (2n1u) 479 | -10/Materials | Discovered new exit (range 4) 484 | -10/Materials | Identified exit to Materials 515 | -10/Materials | Entered another Materials area 515 | -9/Materials | Evolved 2 slots: Propulsion x1, Utility x1 1006 | -9/Materials | Discovered new exit (range 4) 1007 | -9/Materials | Identified exit to Materials 1007 | -9/Materials | Entered another Materials area 1007 | -8/Materials | Evolved 2 slots: Propulsion x1, Utility x1 1286 | -8/Materials | Destroyed 10 combat bots 1612 | -8/Materials | Repaired Imp. Hover Unit 1647 | -8/Materials | Discovered new exit (range 8) 1657 | -8/Materials | Identified exit to Storage 1658 | -8/Materials | Entered Storage 1716 | -8/Storage | Repaired EM Pulse Cannon 1773 | -8/Storage | Crushed by falling debris 1774 | -8/Storage | System corruption reached 10% 1862 | -8/Storage | Lost 8 parts (1p5n2w) 1921 | -8/Storage | Discovered new exit (range 20) 1930 | -8/Storage | Identified exit to Factory 1931 | -8/Storage | Lost 14 allies 1931 | -8/Storage | Entered Factory 1931 | -7/Factory | Evolved 2 slots: Power x1, Weapon x1 1940 | -7/Factory | Lost 3 parts (1n2u) 2332 | -7/Factory | Discovered new exit (range 11) 2345 | -7/Factory | Identified exit to Lower Caves 2346 | -7/Factory | Entered Lower Caves 2546 | -7/Lower Caves | Spotted B-75 Beast 2562 | -7/Lower Caves | Core integrity fell below 50% 2570 | -7/Lower Caves | Attracted the attention of an 0b10 outpost 2594 | -7/Lower Caves | Core integrity fell below 20% 2596 | -7/Lower Caves | Destroyed 8 combat bots 2596 | -7/Lower Caves | Lost 5 parts (3n1u1w) 2670 | -7/Lower Caves | Destroyed by B-75 Beast with Magnetic Acceleration Cannon Last Messages --------------- 02573_ B-48 Gladiator destroyed. 02574_ Y-64 Sentinel: "REQUESTING BACKUP." 02575_ Aluminum Leg fries itself beyond repair. 02575_ B-48 Gladiator destroyed. 02576_ The unstable cave ceiling collapses. 02584_ Lgt. Treads fries itself beyond repair. 02590_ Penetrated by Slug. 02591_ Mace fries itself beyond repair. 02593_ Imp. Light Armor Plating fries itself beyond repair. 02595_ The unstable cave ceiling collapses. 02596_ Hvy. Ion Cannon destroyed. 02596_ Penetrated by Slug. 02596_ Signal Interpreter destroyed. 02650_ Mni. Grenade Launcher destroyed. 02650_ Adv. Terrain Scan Processor destroyed. 02650_ Acquired 1 matter. 02665_ Acquired Med. Treads. 02666_ Acquired 48 matter. Map ----- +----------------------------------------------------+ | #?## #### ######### # | | # ### ## ######## # | | ### ## # | | ?# %### ## ## ### # | | ##### ## /! ## #### # | | ## # % ## ### # #### # | | % ""/ # #?####### ### # | | %""## """" # #?#?##### ## # | | ##?### """ ######### # | | ????## " ###### #### | | ??????# ## " #?#### ## #### | | ???????# ## """" ######### #### | | ???#??# ## " ########## ##### | | ??????# # #### ### ##?## | | ??#???## ### #### ### #### | | ????#??### #?######?# #### #### | | ????????## #?#??#?### b########## #### | | ?????????# #??#????### BB ##?####### ## | | ????????? #??????#??#####BB # ########## # | | ??????##? ??# #?###???## ;; ###?###### ## | | ?????#??? ?? ##?##??##; # ########### ## | | ????????? % ? ??????#?# #####?##### # | | ????????? ? ?#??????## ######## # | | ?????????? ??? ###??##; ## ### # | | ?????????? ?#? ###??# ### # | | ?????????? #?????###??# @####### #### # | | ??????????????#?###??### #""""# #### ## | | ???????????????????????# %# "# ### #######? | | ????????????????#??????# # ##?######??????? | | ?????????????????#?????# # #?#??#??#??????? | | ???????????????????????# # "# ##?#?????#?????? | | ????????????#????????#?# #""""# #?##?#???#?????? | | ???????????????????????# ####### ##?###?????????? | | ??????????????????????## #??????????????? | | ??????????????????#???#############??????????????? | | ????????????????#????????#???#?????#?????????????? | | ?????????????????????#????????#???#??????????????? | | ?????????????????????????????????????????????????? | | ?????????????????????????????????????#???????????? | | ??????????????????????????????#??????????????????? | | ?????????????????????????????????????????????????? | | ?????????????????????????????????????????????????? | | ?????????????????????????????????????????????????? | | ?????????????????????????????????????????????????? | | ?????????????????????????????????????????????????? | | | | | | | | | | | +----------------------------------------------------+ Best States ------------- Heat Dissipation 45 Energy Generation 14 Energy Capacity 300 Matter Stores 300 Matter Capacity 300 Sight Range 20 Robot Scan Range 14 Terrain Scan Range 16 Terrain Scan Density 210 ECM Strength 1 Jamming Range 12 Evasion (%) 63 Recoil Reduction 1 Offensive Hacking 10 Item Schematics ----------------- None Robot Schematics ------------------ None Fabricated ------------ Nothing Alien Tech Used ----------------- None Achievements -------------- Release The Drones! Unlikely Earthworm Challenges ------------ None Game ------ Seed ContainmentSigixProtection Manual? 0 Play Time 00:54:02 Cumulative 17.7 hours Start 2024.04.26 @ 21:13:48 End 2024.04.26 @ 22:05:37 Sessions 1 Manual Loads 0 Difficulty Rogue Special Mode None Game No. 21 Rogue 21 Adventurer 0 Explorer 0 Win Type - Total 0 Types 0/0/0/0/0/0/0/0/0 Lore% 21 Gallery% 23 Achievement% 19 Wizard Run 0 Options --------- Layout 1 ASCII 0 Keyboard 0 Movement Numpad Keybinds 0 Fullscreen 2 Font 24/Smallcaps Map View 50x35 Zoom Use 0% Tactical HUD 1 Map Filters NONE Filters NONE Steam 1 RUN: 4291daba-339b-49e1-907c-9c66cf7eea79